 Dungeon Crawl Stone Soup version 0.30-a0-2-gf48d83f5e2 (webtiles) character file.

Game seed: 196304410723395681

349 ytrimaz the Insei (level 6, -4/38 HPs)
             Began as an Octopode Transmuter on Aug 20, 2022.
             Slain by an iguana (9 damage)
             ... on level 5 of the Dungeon.
             The game lasted 00:05:24 (4752 turns).

ytrimaz the Insei (Octopode Transmuter)             Turns: 4752, Time: 00:05:25

Health: -4/38      AC:  2    Str:  9    XL:     6   Next: 60%
Magic:  6/9        EV: 21    Int: 17    God:
Gold:   219        SH:  0    Dex: 18    Spells: 3/9 levels left

rFire   . . .      SeeInvis .      - Unarmed
rCold   . . .      Faith    .    (shield currently unavailable)
rNeg    . . .      Spirit   .    (helmet currently unavailable)
rPois   x          Reflect  .    c - amulet of the acrobat
rElec   .          Harm     .    (no ring)
rCorr   .          Rampage  .    (no ring)
Will    .....                    (no ring)
Stlth   ++........               (no ring)
HPRegen 0.12/turn                (no ring)
MPRegen 0.11/turn                (no ring)
                                 (no ring)
                                 (no ring)

@: spider-form (expiring)
A: venomous fangs, almost no armour, (amphibious), 8 rings, tiny, (camouflage
1), (gelatinous body 1), (nimble swimmer 1), (tentacles)
a: End Transformation


You were on level 5 of the Dungeon.
You were a venomous arachnid creature.
You visited 1 branch of the dungeon, and saw 5 of its levels.

You collected 219 gold pieces.

Inventory:

Jewellery
 c - an amulet of the acrobat (around neck)
Wands
 b - a wand of polymorph (15)
Scrolls
 f - a scroll of noise
Potions
 d - 2 potions of degeneration {unknown}
 e - a potion of haste
 h - 2 potions of flight {unknown}
 i - a potion of brilliance {unknown}
 j - a potion of attraction {unknown}
 k - a potion of might {unknown}
 l - a potion of heal wounds {unknown}


   Skills:
 + Level 1.4 Fighting
 + Level 4.0 Dodging
 + Level 6.0 Unarmed Combat
 - Level 2.0 Spellcasting
 - Level 2.0 Transmutations
 - Level 0.3 Poison Magic


You had 3 spell levels left.
You knew the following spells:

 Your Spells              Type           Power      Damage    Failure   Level
a - Beastly Appendage     Tmut           16%        N/A       22%         1
b - Wereblood             Tmut           8%         N/A       30%         2
c - Spider Form           Tmut/Pois      5%         N/A       56%         3

Your spell library contained the following spells:

 Spells                   Type           Power      Damage    Failure   Level
 Slow                     Hex            4%         N/A       38%         1
 Confusing Touch          Hex            1%         N/A       71%         3
 Inner Flame              Hex/Fire       1%         N/A       71%         3
 Vampiric Draining        Necr           1%         2d6       71%         3
 Ice Form                 Ice/Tmut       5%         N/A       90%         4
 Cause Fear               Hex            0%         N/A       96%         4
 Discord                  Hex            0%         N/A       100%        8


Dungeon Overview and Level Annotations

Branches:
Dungeon (5/15)             Temple (0/1) D:4

Altars:
Ru


Innate Abilities, Weirdness & Mutations

You are a venomous arachnid creature.
You have poisonous fangs.
You are tiny and dextrous.
Your spellcasting is less reliable in this form.
Your armour is entirely melded.
You are incapable of wielding weapons or throwing items.
You cannot wear most types of armour.
((You are amphibious.))
You can wear up to eight rings at the same time.
((Your skin changes colour to match your surroundings (Stealth+).))
((Your rubbery body absorbs attacks. (AC +1, EV +1)))
((You are camouflaged when in or above water. (Stealth+)))
((You have tentacles for arms and can constrict up to eight enemies at once.))


Message History

Your transformation is almost over.
Your tentacle spike disappears.
Your magical contamination has completely faded away.
You start resting.
An iguana comes into view.
Casting: Spider Form (quite dangerous; 34% risk of failure)
Confirm with . or Enter, or press ? or * to list all spells.
The spell is quite dangerous to miscast (34% risk of failure)!
Continue anyway?
You turn into a venomous arachnid creature.
The iguana hisses angrily.
Your transformation is almost over.
Unknown command.
The black bear growls angrily.
The black bear misses you. The black bear completely misses you.
The black bear misses you.
You see here the +7 flail of Juxexis {elec, rElec rC- MP+9}.
You hit the black bear.
The black bear is poisoned.
The black bear is lightly wounded.
You hit the black bear.
The black bear is moderately wounded.
The black bear completely misses you. The black bear claws you. x2
You hit the black bear but do no damage.
The black bear looks as sick as possible!
The black bear is moderately wounded.
The black bear barely misses you. The black bear misses you.
The black bear completely misses you.
You hit the black bear.
The black bear is heavily wounded.
The iguana closely misses you.
The black bear goes berserk!
Unknown command.
You barely miss the iguana. The black bear bites you! The black bear claws you.
The black bear claws you but does no damage.
The iguana barely misses you.
You hit the iguana.
The iguana is poisoned.
The iguana is moderately wounded.
The black bear bites you. The black bear closely misses you.
The black bear claws you!
* * * LOW HITPOINT WARNING * * *
The iguana bites you!
You die...

#.. #.. #.# #.#
####.## #
#..)..### .#
#.......### ..#
#.........##..#
#...<###..sh..#
#..### ##.l...#
#.# #......# ##
##........
##..##### ...#
.... .....


You could see a black bear (berserk, very poisoned) and an iguana (very
poisoned).

Vanquished Creatures
  2 scorpions (D:4)
  A gnoll bouda (D:4)
  An iguana (D:4)
  2 adders
  8 gnolls (D:4)
  An ufetubus (D:4)
  3 dart slugs
  6 endoplasms
  3 giant cockroaches
  8 hobgoblins
  5 kobolds
  5 quokkas
  7 ball pythons
  6 bats
  4 frilled lizards
  6 goblins
  7 rats
75 creatures vanquished.

Vanquished Creatures (others)
  A plant (D:2)
1 creature vanquished.

Grand Total: 76 creatures vanquished

Notes
Turn   | Place    | Note
-------+----------+-------------------------------------------
     0 | D:1      | ytrimaz the Octopode Transmuter began the quest for the
                  | Orb.
     0 | D:1      | Reached XP level 1. HP: 13/13 MP: 3/3
   312 | D:1      | Found a faded altar of an unknown god.
   508 | D:1      | Reached XP level 2. HP: 18/18 MP: 5/5
   527 | D:1      | Learned a level 2 spell: Wereblood
   894 | D:1      | Reached XP level 3. HP: 17/23 MP: 4/6
   898 | D:1      | Learned a level 3 spell: Spider Form
  1674 | D:2      | Reached skill level 4 in Unarmed Combat
  1879 | D:2      | Reached XP level 4. HP: 28/28 MP: 5/7
  3168 | D:4      | Found a staircase to the Ecumenical Temple.
  3382 | D:4      | Noticed a scorpion
  3385 | D:4      | Noticed a scorpion
  3393 | D:4      | Killed a scorpion
  3394 | D:4      | Reached skill level 5 in Unarmed Combat
  3394 | D:4      | Reached XP level 5. HP: 33/33 MP: 4/8
  3435 | D:4      | Found a sacrificial altar of Ru.
  3576 | D:4      | Reached XP level 6. HP: 38/38 MP: 7/9
  3876 | D:4      | Reached skill level 6 in Unarmed Combat
  4677 | D:5      | Entered Level 5 of the Dungeon
  4680 | D:5      | Identified the +10 whip "Uqaum" {freeze, rElec rPois rCorr
                  | Dex+3}
  4686 | D:5      | Noticed a black bear
  4746 | D:5      | Identified the +7 flail of Juxexis {elec, rElec rC- MP+9}
  4752 | D:5      | Slain by an iguana

Illustrated notes

Levels and vault maps discovered:
D:1:      dpeg_arrival_rooms_b, layout_loops_corners,
          nicolae_ecumenical_lake_church
D:2:      layout_loops_ring, serial_bayou_crossing
D:3:      layout_rooms
D:4:      layout_loops_ring, mainiacjoe_overflow_boulevard,
          minmay_temple_entry_antechambers, minmay_crystal_water
D:5:      layout_layer_cave

Skill      XL: |  1  2  3  4  5  6 |
---------------+-------------------+-----
Unarmed Combat | 4 5 6 |  6.0
Dodging        | 3 4 |  4.0
Fighting       | |  1.4
Spellcasting   | |  2.0
Transmutations | |  2.0
Poison Magic   | |  0.3

Action                   |  1- 3 |  4- 6 || total
-------------------------+-------+-------++-------
Melee: Unarmed           |    69 |    92 ||   161
       Constrict         |    23 |    11 ||    34
       Tentacles         |    16 |     7 ||    23
       Kick              |    15 |     8 ||    23
       Punch             |     4 |     1 ||     5
 Cast: Beastly Appendage |    29 |    22 ||    51
       Spider Form       |       |     3 ||     3
  Use: Scroll            |     2 |     6 ||     8
       Potion            |       |     4 ||     4
 Stab: Sleeping          |     4 |     4 ||     8
Armor: Skin              |     2 |    38 ||    40
Dodge: Dodged            |    68 |    77 ||   145

Table legend: (Time is in decaauts)
 A = Elapsed time spent in this place.
 B = Non-inter-level travel time spent in this place.
 C = Inter-level travel time spent in this place.
 D = Time resting spent in this place.
 E = Time spent auto-exploring this place.
 F = Levels seen in this place.
 G = Mean time per level.
                   A        B        C        D        E       F      G
               +--------+--------+--------+--------+--------+-----+--------+
         Total |   4744 |   4536 |    208 |    428 |   3471 |   5 |  948.8 |
       Dungeon |   4744 |   4536 |    208 |    428 |   3471 |   5 |  948.8 |
               +--------+--------+--------+--------+--------+-----+--------+

Top non-repeatable levels by time:
     D:1: 1644 daAuts
     D:4: 1365 daAuts
     D:3: 845 daAuts
     D:2: 814 daAuts
     D:5: 74 daAuts
